AoeStats
← CHIUSON

Fortress

507828314Analyzed
4v4 RM · 12d ago on Sep 19, 2026· 44m 31s· 8 players
Game mode
Random Map
Map size
Huge
Population
200
Speed
Normal
Resources
Standard
Victory
Conquest
Starting age
Dark Age
Ending age
Imperial Age
RankedLock teamsTeams togetherTeam positionsShared explorationLock speedFull tech treeHidden civsTurbo modeCheats
Victory
Defeat
🇮🇹 Britons · Italy
993
+16
🇩🇪 Persians · Germany
986
+16
🇩🇪 Wei · Germany
967
+17
🇸🇪 Burgundians · Sweden
947
+18
🇹🇷 Britons · Türkiye
1034
-20
🇭🇰 Spanish · Hong Kong SAR China
978
-16
🇨🇴 Persians · Colombia
976
-16
🇲🇽 Koreans · Mexico
952
-15
(Kush)Martinez
2:02 Loom
8:26 Feudal Age
10:00 Feudal Age
14:59 Castle Age
14:31 Double-Bit Axe
14:32 Horse Collar
16:06 Wheelbarrow
15:48 Forging
16:00 Bow Saw
18:57 Scale Barding Armor
26:20 Iron Casting
26:06 Chain Barding Armor
26:22 Tuntian
28:04 Hand Cart
29:15 Pikeman
29:55 Squires
35:53 Scale Mail Armor
40:07 Imperial Age
39:46 Caravan
41:43 Elite Tiger Cavalry
43:36 Ming Guang Armor
42:45 Halberdier
Freddie4finger
6:59 Feudal Age
11:34 Scale Barding Armor
11:41 Forging
11:32 Double-Bit Axe
14:14 Castle Age
12:39 Horse Collar
21:05 Forging
23:16 Wheelbarrow
23:46 Iron Casting
28:53 Chain Barding Armor
32:59 Fletching
32:46 Pikeman
33:27 Squires
38:51 Squires
43:12 Bow Saw
43:02 Heavy Plow
42:53 Gold Mining
43:58 Scale Mail Armor
Korshent
9:00 Feudal Age
9:39 Double-Bit Axe
10:33 Loom
10:50 Horse Collar
13:39 Castle Age
11:50 Gold Mining
13:47 Fletching
14:00 Padded Archer Armor
13:51 Crossbowman
16:07 Husbandry
16:20 Forging
21:06 Gold Shaft Mining
20:48 Bow Saw
24:14 Wheelbarrow
23:40 Heavy Plow
23:04 Light Cavalry
28:04 Town Watch
28:55 Bodkin Arrow
29:16 Leather Archer Armor
33:38 Imperial Age
31:15 Squires
31:09 Pikeman
31:52 Scale Mail Armor
32:56 Yeomen
34:35 Ballistics
34:40 Caravan
36:30 Elite Longbowman
41:41 Chemistry
42:37 Elite Skirmisher
NMircea
8:00 Feudal Age
12:53 Castle Age
11:24 Horse Collar
11:30 Double-Bit Axe
14:52 Wheelbarrow
14:40 Kamandaran
14:48 Gold Mining
19:22 Heavy Plow
20:03 Bow Saw
21:28 Bloodlines
21:18 Husbandry
23:27 Hand Cart
25:46 Forging
25:41 Scale Barding Armor
27:08 Fletching
27:54 Iron Casting
27:40 Chain Barding Armor
30:11 Imperial Age
27:18 Crossbowman
28:03 Thumb Ring
31:02 Elite War Elephant
32:48 Conscription
34:28 Blast Furnace
34:04 Plate Barding Armor
35:39 Town Watch
36:00 Caravan
38:38 Bodkin Arrow
39:15 Devotion
39:37 Ballistics
40:18 Chemistry
40:41 Faith
44:23 Two-Man Saw
Xh4e
3:49 Loom
6:23 Loom
7:08 Loom
9:33 Feudal Age
15:32 Castle Age
13:47 Double-Bit Axe
13:46 Horse Collar
14:01 Gold Mining
14:03 Stone Mining
15:21 Wheelbarrow
18:13 Bow Saw
19:54 Elite Skirmisher
20:43 Pikeman
22:03 Ballistics
27:47 Heavy Plow
28:07 Hand Cart
29:44 Gambesons
30:00 Squires
29:45 Arson
30:04 Scale Mail Armor
30:50 Forging
34:43 Imperial Age
32:13 Treadmill Crane
32:45 Fortified Wall
33:16 Murder Holes
33:39 Masonry
33:24 Town Watch
33:48 Thumb Ring
33:51 Caravan
34:23 Coinage
35:12 Halberdier
36:10 Chain Mail Armor
36:31 Iron Casting
37:25 Plate Mail Armor
38:06 Banking
37:49 Guilds
39:18 Chemistry
38:06 Arrowslits
39:48 Two-Man Saw
39:31 Gold Shaft Mining
39:32 Stone Shaft Mining
41:45 Fletching
VIT.DanielCR
7:26 Feudal Age
12:09 Castle Age
10:36 Double-Bit Axe
13:18 Bow Saw
13:27 Horse Collar
14:45 Heavy Plow
15:28 Wheelbarrow
17:29 Loom
20:40 Hand Cart
23:46 Forging
23:42 Scale Barding Armor
25:23 Iron Casting
25:58 Chain Barding Armor
30:57 Imperial Age
31:23 Bloodlines
31:14 Husbandry
33:34 Conscription
37:11 Blast Furnace
38:06 Plate Barding Armor
39:14 Elite War Elephant
CHIUSON
6:10 Loom
7:56 Feudal Age
9:22 Double-Bit Axe
13:55 Castle Age
11:39 Horse Collar
12:52 Gold Mining
14:42 Wheelbarrow
20:39 Heavy Plow
30:39 Bow Saw
31:15 Town Watch
35:29 Imperial Age
32:57 Fletching
33:32 Bloodlines
36:34 Hand Cart
36:36 Forging
36:31 Scale Barding Armor
39:27 Two-Man Saw
39:23 Conscription
39:54 Iron Casting
39:40 Chain Barding Armor
42:12 Chemistry
FB Thunder
1:18 Loom
10:21 Feudal Age
14:17 Castle Age
14:01 Horse Collar
14:10 Double-Bit Axe
15:41 Bow Saw
15:28 Gold Mining
15:48 Fletching
15:59 Padded Archer Armor
17:16 Bodkin Arrow
17:54 Ballistics
18:47 Heavy Plow
20:31 Leather Archer Armor
23:50 Gold Shaft Mining
24:03 Elite Skirmisher
26:07 Yeomen
26:41 Wheelbarrow
33:05 Imperial Age
33:03 Hand Cart
34:24 Conscription
36:30 Chemistry
38:03 Elite Longbowman
38:09 Elite Longbowman
43:12 Bracer
43:48 Ring Archer Armor
Connection lost

Rejoining the realm…

Still unreachable

The connection could not be restored.

Session expired

The server has moved on; the page needs a fresh start.